 Dungeon Crawl Stone Soup version 0.25.1-2-g60ff931df9 (webtiles) character file.

Game seed: 13074810475219181454

881 funkygono the Conjurer (level 7, -15/48 HPs)
             Began as a Demonspawn Conjurer on Oct 31, 2020.
             Demolished by Harold
             ... wielding a +1 vorpal battleaxe
              (22 damage)
             ... on level 8 of the Dungeon.
             The game lasted 00:14:34 (7201 turns).

funkygono the Conjurer (Demonspawn Conjurer)        Turns: 7201, Time: 00:14:34

Health: -15/48     AC:  4    Str:  8    XL:     7   Next: 75%
Magic:  6/15       EV: 13    Int: 18    God:
Gold:   341        SH:  0    Dex: 14    Spells: 13/16 levels left

rFire    . . .     SeeInvis .   p - +1 dagger (freeze)
rCold    . . .     Gourm    .   (no shield)
rNeg     . . .     Faith    .   k - +2 robe {MR+}
rPois    .         Spirit   .   (helmet restricted)
rElec    .         Reflect  .   (no cloak)
rCorr    .         Harm     .   (no gloves)
MR       +....                  (no boots)
Stlth    ++........             (no amulet)
HPRegen  0.16/turn              m - ring of wizardry
MPRegen  0.14/turn              (no ring)

@: marked
A: horns 1, powered by death 1
a: no special abilities


You were on level 8 of the Dungeon.
You were full.

You visited 1 branch of the dungeon, and saw 8 of its levels.

You collected 341 gold pieces.

Inventory:

Hand Weapons
 p - a +1 dagger of freezing (weapon)
Missiles
 b - 237 stones (quivered)
Armour
 k - a +2 robe of magic resistance (worn)
Jewellery
 m - a ring of wizardry (left hand)
Wands
 g - a wand of iceblast (13)
 s - a wand of flame (19)
Scrolls
 i - 3 scrolls of magic mapping
 o - a scroll of enchant armour
Potions
 a - 2 potions of lignification
 d - 2 potions of resistance
 e - a potion of might
 f - a potion of brilliance
 h - a potion of haste
 j - 3 potions of curing
 l - 2 potions of cancellation
 n - 2 potions of ambrosia
 r - a potion of heal wounds
 u - a potion of mutation
Comestibles
 c - 9 rations


   Skills:
 + Level 1.3 Fighting
 + Level 3.3 Dodging
 - Level 1.7 Stealth
 * Level 5.3 Spellcasting
 * Level 7.1 Conjurations


You had 13 spell levels left.
You knew the following spells:

 Your Spells              Type           Power        Failure   Level  Hunger
a - Magic Dart            Conj           ####         1%          1    None
b - Searing Ray           Conj           ####..       1%          2    #......

Your spell library contained the following spells:

 Spells                   Type           Power        Failure   Level  Hunger
 Dazzling Flash           Conj/Hex       ###...       3%          3    ##.....
 Fulminant Prism          Conj/Hex       ###.......   12%         4    ####...
 Iskenderun's Mystic Bla  Conj/Tloc      ###.....     12%         4    ####...


Dungeon Overview and Level Annotations

Branches:
Dungeon (8/15)
 Temple: D:4-7         Lair: D:8-11

Altars:
Ashenzari
Dithmenos
Fedhas
Ru
Trog
Uskayaw
Xom
Yredelemnul
The Shining One

Shops:
D:5 :

Annotations:
D:3 2 transporters
D:8 Harold


Innate Abilities, Weirdness & Mutations

You have a pair of small horns on your head.
You regenerate a little health from kills.


Message History

Confirm with . or Enter, or press ? or * to list all spells.
Aiming: Searing Ray (safe; 1% risk of failure)
Press: ? - help, Shift-Dir - straight line, f/p - Harold
Aim: Harold, wielding a +1 vorpal battleaxe and wearing a +0 scale mail (heavily wounded)
The searing ray misses Harold. (Press . to maintain the ray.) Harold hits you with a +1 vorpal battleaxe.
The searing ray hits Harold.
Harold is heavily wounded.
Harold hits you with a +1 vorpal battleaxe!
* * * LOW HITPOINT WARNING * * *
x2 The searing ray hits Harold!
Harold is heavily wounded.
Harold gestures at you while chanting. A sentinel's mark forms upon you.
The searing ray hits Harold!
Harold is severely wounded.
You finish channeling your searing ray.
Harold hits you with a +1 vorpal battleaxe!!
You die...

#### .# ..... ....
......#### ....#
..@....(.#######
....
......##.@@(.).#
###.# #.###
#######.# #...#
#####.######..(#
#..............#
#...####.#####<..#
.. #..######.###
##...# #...#
###.####.#.#
#...##.#.#


You could see Harold.

Vanquished Creatures
  A gnoll sergeant (D:7)
  A scorpion (D:4)
  A howler monkey (D:4)
  A centaur zombie (D:5)
  4 hounds
  3 jellies
  Jessica (D:3)
  Ijyb (D:2)
  An orc wizard (D:4)
  5 worker ants
  A hound skeleton (D:4)
  3 gnolls
  9 adders
  An adder skeleton (D:6)
  8 worms
  2 dart slugs
  2 leopard geckos
  17 orcs
  11 bats
  4 giant cockroaches
  7 goblins
  8 hobgoblins
  2 iguanas
  6 jackals
  7 kobolds
  A quokka (D:2)
  4 frilled lizards
  8 rats
120 creatures vanquished.

Notes
Turn   | Place    | Note
-------+----------+-------------------------------------------
     0 | D:1      | funkygono the Demonspawn Conjurer began the quest for the
                  | Orb.
     0 | D:1      | Reached XP level 1. HP: 13/13 MP: 3/3
   246 | D:1      | Gained mutation: You have a pair of small horns on your
                  | head. [demonic ancestry]
   246 | D:1      | Reached XP level 2. HP: 19/19 MP: 0/5
   349 | D:1      | Learned a level 2 spell: Searing Ray
   844 | D:1      | Gained mutation: You regenerate a little health from kills.
                  | [demonic ancestry]
   844 | D:1      | Reached XP level 3. HP: 10/24 MP: 1/6
  1460 | D:2      | Reached skill level 5 in Conjurations
  1841 | D:2      | Reached XP level 4. HP: 30/30 MP: 3/7
  2887 | D:3      | Reached XP level 5. HP: 36/36 MP: 1/9
  3109 | D:3      | Noticed Ijyb
  3158 | D:2      | Killed Ijyb
  3370 | D:3      | Noticed Jessica
  3374 | D:3      | Killed Jessica
  3386 | D:3      | Found a shimmering altar of Xom.
  3733 | D:3      | Reached skill level 6 in Conjurations
  3733 | D:3      | Reached XP level 6. HP: 42/42 MP: 9/11
  3914 | D:3      | Found a transporter.
  3964 | D:3      | Found a transporter.
  4078 | D:3      | Found a basalt altar of Yredelemnul.
  4078 | D:3      | Found a blossoming altar of Fedhas.
  4078 | D:3      | Found a glowing golden altar of the Shining One.
  4080 | D:3      | Found a shadowy altar of Dithmenos.
  4082 | D:3      | Found a sacrificial altar of Ru.
  4476 | D:4      | Reached skill level 1 in Fighting
  5195 | D:4      | You fall into a shaft and drop 1 floor!
  5195 | D:5      | Entered Level 5 of the Dungeon
  5199 | D:5      | Found Ifeunam's Book Shoppe.
  5290 | D:4      | Found a bloodstained altar of Trog.
  5300 | D:4      | Reached XP level 7. HP: 48/48 MP: 9/13
  5381 | D:4      | Found a shattered altar of Ashenzari.
  5397 | D:4      | Found a hide-covered altar of Uskayaw.
  6686 | D:6      | Reached skill level 5 in Spellcasting
  6687 | D:6      | You fall into a shaft and drop 2 floors!
  6742 | D:7      | Reached skill level 7 in Conjurations
  7182 | D:8      | Noticed Harold
  7201 | D:8      | Demolished by Harold

Illustrated notes

Levels and vault maps discovered:
D:1:      dpeg_arrival_central, layout_rooms
D:2:      lemuel_upstairs_altar, layout_loops_ring
D:3:      gammafunk_steamed_eel, layout_basic, minitemple, dk_xom_monty_hall,
          uniq_ijyb, uniq_jessica
D:4:      layout_loops_ring, eat_drink_and_be_merry_uskayaw,
          lemuel_crystal_altar, lightli_temple_of_fire, first_ration,
          bh_walls_and_bars
D:5:      layout_gridville, serial_shops, nicolae_shop_trees
D:6:      layout_basic, minmay_temple_entry_crystal_x, serial_shops, shop, shop,
          basic_altar
D:7:      layout_basic
D:8:      layout_rooms, uniq_harold

Skill      XL: |  1  2  3  4  5  6  7 |
---------------+----------------------+-----
Conjurations   | 5 6 7 |  7.1
Dodging        | 2 3 |  3.3
Spellcasting   | 3 4 5 |  5.3
Fighting       | 1 |  1.3
Stealth        | |  1.7

Action                   |  1- 3 |  4- 6 |  7- 9 || total
-------------------------+-------+-------+-------++-------
Melee: Unarmed           |     7 |       |       ||     7
       Dagger            |    13 |    56 |    10 ||    79
       Headbutt          |       |     5 |     2 ||     7
 Cast: Magic Dart        |    56 |   102 |    31 ||   189
       Searing Ray       |     7 |    29 |    18 ||    54
  Use: Scroll            |     6 |     6 |    10 ||    22
       Potion            |       |     1 |       ||     1
  Eat: Chunk             |     1 |    12 |     3 ||    16
       Ration            |     1 |       |     2 ||     3
Armor: Robe              |    24 |    14 |     7 ||    45
       Skin              |       |    26 |       ||    26
Dodge: Dodged            |    54 |    66 |    30 ||   150
